 Dungeon Crawl Stone Soup version 0.30-a0-23-ge60ba3568b (webtiles) character file.

Game seed: 13808630536877642627

43 bladeefan the Cudgeller (level 3, -5/33 HPs)
             Began as a Hill Orc Monk on Aug 25, 2022.
             Killed from afar by Natasha (10 damage)
             ... with a magic dart
             ... on level 2 of the Dungeon.
             The game lasted 00:02:17 (1739 turns).

bladeefan the Cudgeller (Hill Orc Monk)             Turns: 1739, Time: 00:02:18

Health: -5/33      AC:  2    Str: 15    XL:     3   Next: 58%
Magic:  3/3        EV: 12    Int: 10    God:
Gold:   72         SH:  0    Dex: 13    Spells: 2/2 levels left

rFire   . . .      SeeInvis .    a - +0 mace
rCold   . . .      Faith    .    (no shield)
rNeg    . . .      Spirit   .    b - +0 robe
rPois   .          Reflect  .    (no helmet)
rElec   .          Harm     .    (no cloak)
rCorr   .          Rampage  .    (no gloves)
Will    .....                    (no boots)
Stlth   ++........               (no amulet)
HPRegen 0.11/turn                e - ring of flight
MPRegen 0.08/turn                (no ring)

@: flying
A: no striking features
a: no special abilities


You were on level 2 of the Dungeon.
You visited 1 branch of the dungeon, and saw 2 of its levels.

You collected 72 gold pieces.

Inventory:

Hand Weapons
 a - a +0 mace (weapon)
Armour
 b - a +0 robe (worn)
Jewellery
 e - a ring of flight (left hand)
   (You found it on level 1 of the Dungeon)
Scrolls
 d - 2 scrolls of identify {@r1}
Potions
 c - a potion of ambrosia


   Skills:
 + Level 4.1 Fighting
 * Level 4.2 Maces & Flails
 + Level 2.7 Dodging
 - Level 1.5 Stealth


You had 2 spell levels left.
You didn't know any spells.
Your spell library was empty.

Dungeon Overview and Level Annotations

Branches:
Dungeon (2/15)

Altars:

Shops:
D:1 *=[[(

Annotations:
D:2 Natasha


Message History

The jackal bites you. x2
You thump the jackal!
You kill the jackal!
No target in view!
No target in view!
No target in view!
Found a stone staircase leading down and a stone staircase leading up.
You see here a jackal corpse.
You now have 46 gold pieces (gained 12).
Key pressed, stopping explore.
You reach down and open the door.
Found 13 gold pieces.
There is an open door here.
A rat comes into view.
A rat is nearby!
A rat is nearby!
A rat is nearby!
Found a stone staircase leading up.
You see here 13 gold pieces.
Natasha, Servant of Life and Death comes into view.
She is carrying a wand of quicksilver (8).
Found 7 stones.
The rat bites you but does no damage.
You hit the rat.
You kill the rat!
No target in view!
No target in view!
No target in view!
No target in view!
You see here a rat corpse.
No target in view!
No target in view!
You now have 59 gold pieces (gained 13).
Natasha hisses angrily.
Natasha zaps a wand.
The bolt of dispelling energy hits you!
Natasha casts a spell.
Natasha stares at you and mumbles some strange words.
The magic dart hits you!
* * * LOW HITPOINT WARNING * * *
Natasha zaps a wand.
The bolt of dispelling energy hits you!
* * * LOW HITPOINT WARNING * * *
Blink to where?
As you read the scroll of blinking, it crumbles to dust.
You see here 7 stones.
Found 13 gold pieces.
You now have 72 gold pieces (gained 13).
Natasha stares at you and mumbles some strange words.
The magic dart hits you!
You die...

#########
........+
......# ####
....#.# ..#
#...#
#######.#
.<..#
#...h.#@#
#.#.#
#.###.#.#
#.#.# #.#
#.#.# #.. .
#.# #.#h#
###.#. #.#
#.#.#####
.<#.#.# #.#
#.......#
#.# . . #.#
###.###.#
#.########.#
..#
#>.......#(#
.###


You could see Natasha.

Vanquished Creatures
  An adder (D:2)
  A dart slug (D:1)
  An orc (D:2)
  2 ball pythons
  An endoplasm (D:1)
  4 giant cockroaches
  2 goblins (D:1)
  3 hobgoblins
  5 jackals
  A quokka (D:1)
  2 bats (D:1)
  2 kobolds (D:1)
  3 rats
28 creatures vanquished.

Notes
Turn   | Place    | Note
-------+----------+-------------------------------------------
     0 | D:1      | bladeefan the Hill Orc Monk began the quest for the Orb.
     0 | D:1      | Reached XP level 1. HP: 19/19 MP: 1/1
    48 | D:1      | Found Leampoc's Armour Emporium.
   116 | D:1      | Found a faded altar of an unknown god.
   279 | D:1      | Found Upea's Jewellery Boutique.
   288 | D:1      | Reached XP level 2. HP: 27/27 MP: 2/2
   803 | D:1      | Found Dastitz's Armour Boutique.
   891 | D:1      | Found Cymygrem's General Store.
  1038 | D:1      | Found Kummorikk's Weapon Shoppe.
  1050 | D:1      | Reached XP level 3. HP: 19/33 MP: 3/3
  1677 | D:2      | Noticed Natasha
  1739 | D:2      | Killed from afar by Natasha

Illustrated notes

Levels and vault maps discovered:
D:1:      minmay_arrival_up_and_down, layout_loops_ring, serial_shops, shop,
          nicolae_shop_hallway_stairs, nicolae_shop_bloodbath_and_beyond,
          nicolae_shop_advertising_works [nicolae_subvault_shop_adworks], shop,
          shapermc_ecumenical_altar_mp_highgroup, st_stairs_8
D:2:      layout_basic, kennysheep_generic_room_8, uniq_natasha

Skill      XL: |  1  2  3 |
---------------+----------+-----
Fighting       | 4 |  4.1
Maces & Flails | 4 |  4.2
Dodging        | |  2.7
Stealth        | |  1.5

Action                   || total
-------------------------++-------
Melee: Mace              ||    81
  Use: Scroll            ||     2
 Stab: Sleeping          ||     1
Armor: Robe              ||    20
Dodge: Dodged            ||    44

Table legend: (Time is in decaauts)
 A = Elapsed time spent in this place.
 B = Non-inter-level travel time spent in this place.
 C = Inter-level travel time spent in this place.
 D = Time resting spent in this place.
 E = Time spent auto-exploring this place.
 F = Levels seen in this place.
 G = Mean time per level.
                   A        B        C        D        E       F      G
               +--------+--------+--------+--------+--------+-----+--------+
         Total |   1755 |   1716 |     39 |    219 |   1227 |   2 |  877.5 |
       Dungeon |   1755 |   1716 |     39 |    219 |   1227 |   2 |  877.5 |
               +--------+--------+--------+--------+--------+-----+--------+

Top non-repeatable levels by time:
     D:1: 1300 daAuts
     D:2: 455 daAuts
